AoeStats
← Křovák

MegaRandom

504954260Analyzed
1v1 RM · 26d ago on Sep 7, 2026· 58m 20s· 2 players
Game mode
Random Map
Map size
Tiny (2 player)
Population
200
Speed
Normal
Resources
Standard
Victory
Conquest
Starting age
Dark Age
Ending age
Imperial Age
RankedLock teamsTeams togetherTeam positionsShared explorationLock speedFull tech treeHidden civsTurbo modeCheats
Victory
Defeat
🇨🇭 Koreans · Switzerland
886
+15
🇨🇿 Malians · Czechia
867
-15
Křovák
10:14 Loom
14:19 Feudal Age
14:59 Double-Bit Axe
22:51 Castle Age
21:38 Fletching
29:06 Crossbowman
35:28 Horse Collar
36:25 Heavy Plow
43:01 Imperial Age
41:18 Bow Saw
42:25 Town Watch
46:50 Scale Barding Armor
46:57 Forging
49:18 Iron Casting
Xivra
3:50 Loom
3:58 Loom
11:19 Feudal Age
12:39 Double-Bit Axe
12:37 Horse Collar
23:40 Castle Age
22:40 Fletching
22:44 Man-at-Arms
23:13 Arson
24:21 Bodkin Arrow
25:21 Long Swordsman
26:02 Squires
25:48 Arson
25:49 Gambesons
26:57 Forging
39:10 Imperial Age
37:11 Town Watch
38:01 Wheelbarrow
38:02 Husbandry
38:30 Murder Holes
38:56 Ballistics
39:27 Two-Handed Swordsman
45:09 Cavalier
45:55 Eupseong
48:00 Scale Barding Armor
49:04 Iron Casting
48:37 Pikeman
49:41 Stone Mining
49:42 Gold Mining
49:34 Light Cavalry
54:07 Champion
Connection lost

Rejoining the realm…

Still unreachable

The connection could not be restored.

Session expired

The server has moved on; the page needs a fresh start.